 Dungeon Crawl Stone Soup version 0.20-a0-351-gc9b4002 (webtiles) character file.

29102 Kurtz the Fencer (level 13, -2/121 HPs)
             Began as a Naga Gladiator on Dec 27, 2016.
             Was a High Priest of Okawaru.
             Slain by a death cob (14 damage)
             ... on level 4 of the Lair of Beasts.
             The game lasted 00:43:26 (22777 turns).

Kurtz the Fencer (Naga Gladiator)                  Turns: 22777, Time: 00:43:29

Health: -2/121     AC: 12    Str: 20    XL:     13   Next: 43%
Magic:  13/13      EV:  3    Int: 10    God:    Okawaru [*****.]
Gold:   759        SH:  0    Dex: 16    Spells: 12/12 levels left

rFire  + + .     SeeInvis +     L - +4 triple sword (drain)
rCold  . . .     Gourm    .     M - +0 plate armour
rNeg   . . .     Faith    +     (shield currently unavailable)
rPois  +         Spirit   .     Q - +0 helmet
rElec  .         Reflect  .     y - +0 cloak
rCorr  .         Harm     .     d - +0 pair of gloves
MR     +....                    E - +0 naga barding {rF+}
Stlth  ..........               J - amulet of faith
                                I - ring of protection from fire
                                o - +3 ring of strength

@: about to teleport, corroded, very slightly contaminated, slowed, very slow
A: stinger 1, see invisible, blink, deformed body, poison resistance, slowness
2, slow metabolism 1, spit poison 1, constrict 1, AC +4
a: Spit Poison, Blink, Heroism, Finesse, Renounce Religion


You were on level 4 of the Lair of Beasts.
You worshipped Okawaru.
Okawaru was extremely pleased with you.
You were hungry.

You visited 3 branches of the dungeon, and saw 15 of its levels.

You collected 759 gold pieces.

Inventory:

Hand Weapons
 L - a +4 triple sword of draining (weapon)
 P - a +0 scimitar of flaming
Missiles
 q - 20 tomahawks
 t - 2 throwing nets
 z - 5 javelins (quivered)
Armour
 d - a +0 pair of gloves (worn)
 y - a +0 cloak (worn)
 E - a +0 naga barding of fire resistance (worn)
 M - a +0 plate armour (worn)
 Q - a +0 helmet (worn)
Jewellery
 o - a +3 ring of strength (left hand)
 I - a ring of protection from fire (right hand)
 J - an amulet of faith (around neck)
Wands
 b - a wand of disintegration (1/24)
 i - a wand of disintegration (12/24)
 j - a wand of lightning (2/15)
 w - a wand of flame (27/48)
 F - a wand of random effects (20/48)
 H - a wand of polymorph (12/24)
 R - a wand of digging (5/24)
 U - a wand of enslavement (0/24)
 V - a wand of digging (8/24)
 W - a wand of polymorph (6/24)
Scrolls
 k - 2 scrolls of noise
 l - 4 scrolls of teleportation
 p - 4 scrolls of fog
 r - 3 scrolls of blinking
 u - 3 scrolls of vulnerability
 v - 2 scrolls of recharging
 x - 6 scrolls of amnesia
 C - 8 scrolls of remove curse
 D - a scroll of immolation
Potions
 a - a potion of agility
 e - a potion of flight
 g - 2 potions of might
 m - a potion of brilliance
 n - a potion of magic
 s - a potion of haste
 X - a potion of curing
Books
 A - a book of Air

   Spells                             Type                      Level
   a - Shock                          Conjuration/Air              1
   b - Swiftness                      Charms/Air                   2
   c - Repel Missiles                 Charms/Air                   2
   d - Static Discharge               Conjuration/Air              3
   e - Lightning Bolt                 Conjuration/Air              5
 G - a book of Minor Magic

   Spells                             Type                      Level
   a - Magic Dart                     Conjuration                  1
   b - Blink                          Translocation                2
   c - Call Imp                       Summoning                    2
   d - Repel Missiles                 Charms/Air                   2
   e - Slow                           Hexes                        2
   f - Conjure Flame                  Conjuration/Fire             3
   g - Mephitic Cloud                 Conjuration/Poison/Air       3
Miscellaneous
 c - a fan of gales
 N - a lamp of fire
 Y - a sack of spiders
Comestibles
 f - 9 bread rations
 h - 32 fruits
 K - 17 royal jellies
 O - 2 beef jerkies
 S - 4 meat rations


   Skills:
 - Level 9.3 Fighting
 * Level 18.0 Long Blades
 - Level 1.7 Throwing
 + Level 5.2 Armour
 * Level 3.5 Dodging
 + Level 4.0 Stealth


You had 12 spell levels left.
You didn't know any spells.

Dungeon Overview and Level Annotations

Branches:
Dungeon (10/15)            Temple (1/1) D:4            Lair (4/6) D:9
  Swamp (0/4) Lair:3       Spider (0/4) Lair:3
    Orc: D:9-12

Altars:
Ashenzari
Cheibriados
Fedhas
Gozag
Hepliaklqana
Kikubaaqudgha
Makhleb
Nemelex Xobeh
Okawaru
Qazlal
Ru
Sif Muna
Trog
Uskayaw
Vehumet
Xom
Yredelemnul
Zin
The Shining One

Shops:
D:6 %   D:8 :

Annotations:
Lair:4 exclusion: 3 oklob plants


Innate Abilities, Weirdness & Mutations

You cannot wear boots.
Your serpentine skin is tough. (AC +4)
You have supernaturally acute eyesight. (SInv)
Armour fits poorly on your strangely shaped body.
Your system is resistant to poisons. (rPois)
You cover ground very slowly.
You have a slow metabolism.
You can spit poison.
You can use your snake-like lower body to constrict enemies.
Your tail ends in a poisonous barb.
You can translocate small distances at will.


Message History

Aim: an oklob plant (chance to defeat MR: 28%)
The oklob plant evaporates and reforms as a death cob!
Evoking this partially-identified wand wasted a few charges.
The death cob hits you!! The death cob drains your vigour!
You feel yourself slow down.
The death cob hits you but does no damage.
Blink to where?
Press: ? - help, Dir - move target cursor, p - death cob You are very lightly contaminated with residual magic.
As you read the scroll of blinking, it crumbles to dust.
As you read the scroll of teleportation, it crumbles to dust.
You feel strangely unstable. The death cob hits you!!
* * * LOW HITPOINT WARNING * * *
The death cob hits you!
* * * LOW HITPOINT WARNING * * *
The death cob hits you!
* * * LOW HITPOINT WARNING * * *
The death cob hits you!
You die...

..........####..#
...........##..##
............#P.#
...............#
..............)#
...............#
.#.....#.......##
#$(.!$#...(...z####
#...$.#.......#@#.##
#.P!.(#......###...#
#..?P/#.....## #..##
#.P}$.#.##### ####
#######.# #.# #.#
###


You could see a death cob.

Vanquished Creatures
  2 hydras
  Erica (D:9)
  Nergalle (Lair:4)
  A wolf spider (Lair:3)
  An ugly thing (D:10)
  6 elephants (Lair:3)
  11 spiny frogs
  3 rime drakes
  8 komodo dragons
  A queen bee (Lair:3)
  A jumping spider (Lair:3)
  A polar bear (Lair:4)
  Grinder (D:4)
  A tyrant leech (Lair:3)
  12 blink frogs
  8 hippogriffs
  Sigmund (D:4)
  A redback (Lair:3)
  15 yaks
  Grum (D:8)
  2 basilisks
  A soldier ant (D:10)
  2 swamp worms (Lair:3)
  11 water moccasins
  7 porcupines
  A sky beast (D:8)
  5 ice beasts
  7 orc warriors
  4 slaves
  2 phantoms (D:7)
  6 ogres
  12 wolves
  8 crocodiles
  5 centaurs
  4 big kobolds
  11 bullfrogs
  A gnoll sergeant (D:6)
  3 scorpions
  19 killer bees (Lair:3)
  7 wights
  A howler monkey (D:4)
  3 crimson imps
  6 hounds
  A bullfrog zombie (D:7)
  4 gnoll shamans (D:8)
  A bullfrog skeleton (D:4)
  A centaur skeleton (D:4)
  5 orc priests
  3 jellies
  18 orc wizards
  6 iguanas
  4 worker ants
  Natasha (thrice) (D:3)
  A hound zombie (D:9)
  A hound skeleton (D:8)
  A howler monkey skeleton (D:6)
  A howler monkey zombie (D:8)
  2 worker ant zombies
  13 gnolls
  9 adders
  A shadow imp (D:8)
  3 oozes
  An adder skeleton (D:7)
  4 worms
  4 dart slugs
  5 leopard geckos
  35 orcs
  3 giant cockroaches
  4 goblins
  7 hobgoblins
  13 jackals
  8 quokkas
  A ball python (D:6)
  8 bats
  3 frilled lizards
  2 jackal skeletons
  16 kobolds
  8 rats
  2 fungi (D:8)
407 creatures vanquished.

Vanquished Creatures (others)
  5 dream sheep (Lair:3)
  An orc (D:8)
  A bush (Lair:3)
  7 fungi
  9 plants
23 creatures vanquished.

Grand Total: 430 creatures vanquished

Notes
Turn   | Place    | Note
-------+----------+-------------------------------------------
     0 | D:1      | Kurtz the Naga Gladiator began the quest for the Orb.
     0 | D:1      | Reached XP level 1. HP: 19/19 MP: 1/1
   189 | D:1      | Reached XP level 2. HP: 13/26 MP: 2/2
   389 | D:1      | Reached skill level 4 in Long Blades
   398 | D:1      | Reached XP level 3. HP: 17/32 MP: 3/3
  1245 | D:2      | Reached XP level 4. HP: 36/39 MP: 4/4
  1316 | D:2      | Reached skill level 5 in Long Blades
  2146 | D:3      | Reached XP level 5. HP: 45/45 MP: 5/5
  2595 | D:3      | Reached skill level 6 in Long Blades
  2828 | D:3      | Reached XP level 6. HP: 29/52 MP: 6/6
  3052 | D:4      | Noticed Natasha
  3077 | D:3      | Killed Natasha
  3221 | D:3      | Noticed Natasha
  3229 | D:3      | Killed Natasha
  3229 | D:3      | Reached skill level 7 in Long Blades
  3289 | D:3      | Noticed Natasha
  3301 | D:3      | Killed Natasha
  3718 | D:4      | Noticed Sigmund
  3730 | D:4      | Reached XP level 7. HP: 58/60 MP: 7/7
  3745 | D:4      | Killed Sigmund
  3745 | D:4      | Reached skill level 8 in Long Blades
  3765 | D:4      | Found a staircase to the Ecumenical Temple.
  4060 | D:4      | Noticed Grinder
  4066 | D:4      | Paralysed by Grinder for 7 turns
  4079 | D:4      | Gained mutation: Your tail ends in a poisonous barb. [potion of mutation]
  4079 | D:4      | Gained mutation: You have a pair of small horns on your head. [potion of mutation]
  4079 | D:4      | Gained mutation: Your body sometimes deteriorates upon taking damage. [potion of mutation]
  4081 | D:4      | Paralysed by Grinder for 6 turns
  4100 | D:4      | Killed Grinder
  4100 | D:4      | Reached skill level 9 in Long Blades
  4100 | D:4      | Reached XP level 8. HP: 4/67 MP: 8/8
  4106 | Temple   | Entered the Ecumenical Temple
  4451 | Temple   | Became a worshipper of Warmaster Okawaru
  4767 | D:5      | Entered Level 5 of the Dungeon
  5094 | D:5      | Reached skill level 10 in Long Blades
  5265 | D:5      | Found a shimmering altar of Xom.
  5447 | D:5      | Found a hide-covered altar of Uskayaw.
  5520 | D:5      | Found a sparkling altar of Nemelex Xobeh.
  5692 | D:6      | Reached skill level 1 in Armour
  6245 | D:6      | Found a blossoming altar of Fedhas.
  6292 | D:6      | Reached * piety under Okawaru
  6318 | D:6      | Found a stormy altar of Qazlal.
  6520 | D:6      | Found Potism's Food Boutique.
  6532 | D:6      | Reached skill level 11 in Long Blades
  6532 | D:6      | Reached XP level 9. HP: 36/74 MP: 6/9
  7316 | D:7      | Reached ** piety under Okawaru
  7416 | D:7      | Reached skill level 1 in Stealth
  7717 | D:7      | Found an opulent altar of Gozag.
  9090 | D:8      | Noticed Grum
  9092 | D:8      | Reached skill level 12 in Long Blades
  9100 | D:7      | Reached XP level 10. HP: 40/85 MP: 10/10
  9104 | D:7      | Reached *** piety under Okawaru
  9556 | D:8      | Killed Grum
  9564 | D:8      | Gained mutation: You are clumsy. (Dex -2) [mutagenic meat]
  9565 | D:8      | Gained mutation: You are weak. (Str -2) [mutagenic meat]
  9565 | D:8      | Lost mutation: You are clumsy. (Dex -2) [potion of cure mutation]
  9565 | D:8      | Lost mutation: You are weak. (Str -2) [potion of cure mutation]
  9565 | D:8      | Lost mutation: Your body sometimes deteriorates upon taking damage. [potion of cure mutation]
 10322 | D:8      | Reached **** piety under Okawaru
 10500 | D:8      | Found Bairos's Book Shoppe.
 10506 | D:8      | Noticed Erica
 10524 | D:9      | Killed Erica
 10524 | D:9      | Reached skill level 5 in Fighting
 10524 | D:9      | Reached skill level 13 in Long Blades
 10524 | D:9      | Reached skill level 5 in Armour
 10816 | D:9      | Found a staircase to the Lair.
 10874 | D:9      | Found a sacrificial altar of Ru.
 10939 | D:9      | Found Niudiut's Armour Boutique.
 11284 | D:9      | HP: 2/88 [wight/halberd (6)]
 12430 | D:8      | Reached ***** piety under Okawaru
 12597 | D:9      | Reached XP level 11. HP: 90/94 MP: 11/11
 12606 | D:10     | Entered Level 10 of the Dungeon
 13236 | D:10     | Reached skill level 14 in Long Blades
 13300 | D:10     | Noticed a brown ugly thing
 13308 | D:10     | Killed a brown ugly thing
 13312 | D:10     | Lost mutation: You have a pair of small horns on your head. [mutagenic meat]
 13647 | Lair:1   | Entered Level 1 of the Lair of Beasts
 13677 | D:9      | HP: 1/141 [yak (9)]
 14972 | Lair:1   | Gained mutation: You can translocate small distances at will. [potion of beneficial mutation]
 15564 | Lair:1   | Reached skill level 15 in Long Blades
 16314 | Lair:2   | Reached ****** piety under Okawaru
 16608 | Lair:2   | Received a gift from Okawaru
 16608 | Lair:2   | Reached XP level 12. HP: 10/106 MP: 12/12
 16614 | Lair:2   | HP: 5/106 [poisoned by a spiny frog]
 16616 | Lair:2   | Got a twisted naga barding {god gift}
 16618 | Lair:2   | HP: 2/106 [poisoned by a spiny frog]
 16622 | Lair:2   | Identified the +1 naga barding "Hicozas" {*Corrode rF+ Str+4} (Okawaru gifted it to you on level 2 of the Lair of Beasts)
 16623 | Lair:2   | HP: 1/106 [poisoned by a spiny frog]
 16628 | Lair:2   | HP: 1/106 [poisoned by a spiny frog]
 16636 | Lair:2   | HP: 1/106 [poisoned by a spiny frog]
 17512 | Lair:2   | Reached skill level 16 in Long Blades
 19803 | Lair:3   | Found a hole to the Spider Nest.
 19847 | Lair:3   | Noticed a five-headed hydra
 19986 | Lair:3   | Reached skill level 17 in Long Blades
 20226 | Lair:3   | Received a gift from Okawaru
 20410 | Lair:3   | Killed a one-headed hydra
 20410 | Lair:3   | Gained mutation: You can use your snake-like lower body to constrict enemies. [Naga growth]
 20410 | Lair:3   | Reached XP level 13. HP: 109/118 MP: 10/13
 21327 | Lair:3   | Found a shimmering altar of Xom.
 21518 | Lair:3   | Found a staircase to the Swamp.
 21922 | Lair:3   | Received a gift from Okawaru
 22408 | Lair:4   | Noticed Nergalle
 22418 | Lair:4   | Killed Nergalle
 22540 | Lair:4   | Reached skill level 18 in Long Blades
 22773 | Lair:4   | Noticed a death cob
 22773 | Lair:4   | an oklob plant changed into a death cob
 22777 | Lair:4   | Slain by a death cob

Vault maps used:
D:1:      dpeg_arrival_short_road, minmay_unequal
D:2:      wad_river_or_something
D:3:      hex_intersection
D:4:      uniq_natasha, uniq_sigmund, uniq_grinder
D:5:      lemuel_coloured_pillars_altar, kennysheep_mini_moat, first_bread,
          basic_altar
D:6:      overflow_temple_1_default, lemuel_doored_altar, serial_shops, shop
D:7:      basic_altar
D:8:      kennysheep_seaside_town, serial_shops, shop, blue_anna_alchemist,
          uniq_grum, uniq_erica, uniq_pikel
D:9:      lemuel_crystal_altar, lair_entry_dummy, serial_shops,
          nicolae_shop_statue_plus
Temple:   kb_temple_of_zot
Lair:1:   st_stairs_5, minivault_26, serial_bayou_shore_b
Lair:2:   guppyfry_lair_drakes, grunt_megastairs_3
Lair:3:   minmay_swamp_entry_worms, spider_nest_entry_funnel_web, special_room,
          kb_xom_exploding_sheep
Lair:4:   st_stairs_6, infiniplex_staircase_pool_2, minmay_lair_oklob_chamber,
          uniq_nergalle

Skill      XL: |  1  2  3  4  5  6  7  8  9 10 11 12 13 |
---------------+----------------------------------------+-----
Long Blades    | 4 5 6 7 9 11 12 13 15 17 18 | 18.0
Armour         | 1 4 5 |  5.2
Fighting       | 4 5 6 8 9 |  9.3
Stealth        | 1 3 4 |  4.0
Dodging        | 3 |  3.5
Throwing       | |  1.7

Action                   |  1- 3 |  4- 6 |  7- 9 | 10-12 | 13-15 || total
-------------------------+-------+-------+-------+-------+-------++-------
Melee: Long sword        |   102 |    41 |   277 |       |       ||   420
       Short sword       |       |   191 |       |       |       ||   191
       Headbutt          |       |       |    72 |    51 |       ||   123
       Tailslap          |       |       |    49 |   100 |    31 ||   180
       Scimitar          |       |       |    45 |   167 |     9 ||   221
       Punch             |       |       |     1 |     1 |     1 ||     3
       Great sword       |       |       |       |   545 |       ||   545
       Triple sword      |       |       |       |     2 |    96 ||    98
       Constrict         |       |       |       |       |    26 ||    26
Throw: Throwing net      |     1 |       |     3 |     3 |       ||     7
       Tomahawk          |       |       |     2 |     6 |       ||     8
       Javelin           |       |       |       |    14 |       ||    14
Invok: Heroism           |       |       |     3 |    14 |     3 ||    20
 Abil: Spit Poison       |       |     5 |    17 |    26 |     2 ||    50
       Blink             |       |       |       |     1 |     2 ||     3
Evoke: Wand              |       |       |     5 |     4 |     6 ||    15
       Lamp of fire      |       |       |       |     1 |       ||     1
  Use: Potion            |       |       |     8 |     7 |       ||    15
       Scroll            |       |       |     7 |    12 |     7 ||    26
 Stab: Held in net/web   |       |       |     2 |     3 |       ||     5
  Eat: Chunk             |       |     7 |    12 |    30 |     5 ||    54
       Pizza             |       |       |     2 |       |       ||     2
       Beef jerky        |       |       |       |     2 |       ||     2
Armor: Leather armour    |    53 |    28 |       |       |       ||    81
       Scale mail        |       |    30 |    33 |       |       ||    63
       Chain mail        |       |       |    55 |       |       ||    55
       Skin              |       |       |    48 |     7 |       ||    55
       Plate armour      |       |       |    47 |   515 |   140 ||   702
Dodge: Dodged            |    90 |   101 |    87 |   177 |    31 ||   486
Block: Other             |       |     9 |     2 |       |       ||    11
       Rpst.: Long sword |    22 |     4 |    25 |       |       ||    51
       Scimitar          |       |       |     8 |    19 |       ||    27
       Great sword       |       |       |       |    40 |       ||    40
       Triple sword      |       |       |       |       |     4 ||     4
